 Dungeon Crawl Stone Soup version 0.29.1-2-gbd0b4ee654 (webtiles) character file.

Game seed: 13251731588872198424

116 xian the Chopper (level 5, -7/47 HPs)
             Began as a Hill Orc Abyssal Knight on Nov 12, 2022.
             Was a Priest of Lugonu.
             Splashed by a jelly's acid (9 damage)
             ... on level 4 of the Dungeon.
             The game lasted 00:07:35 (2807 turns).

xian the Chopper (Hill Orc Abyssal Knight)          Turns: 2807, Time: 00:07:36

Health: -7/47      AC: -12   Str: 18    XL:     5   Next: 1%
Magic:  7/7        EV:  7    Int: 10    God:    Lugonu [***...]
Gold:   123        SH:  4    Dex: 17    Spells: 4/4 levels left

rFire   . . .      SeeInvis .   a - +1 hand axe
rCold   . . .      Faith    .   t - +0 buckler
rNeg    . . .      Spirit   .   j - +0 chain mail
rPois   +          Reflect  .   k - +0 helmet
rElec   .          Harm     .   (no cloak)
rCorr   .          Rampage  .   p - +0 pair of gloves
Will    .....                   (no boots)
Stlth   ..........              (no amulet)
HPRegen 0.15/turn               c - ring of poison resistance
MPRegen 0.10/turn               g - +6 ring of dexterity

@: corroded
A: no striking features
a: Renounce Religion, Depart the Abyss, Bend Space, Banish


You were on level 4 of the Dungeon.
You worshipped Lugonu.
Lugonu was most pleased with you.
You visited 1 branch of the dungeon, and saw 4 of its levels.
You visited the Abyss 1 time.

You collected 123 gold pieces.

Inventory:

Hand Weapons
 a - a +1 hand axe (weapon)
Missiles
 q - 4 datura-tipped darts
 s - 2 boomerangs (quivered)
Armour
 j - a +0 chain mail (worn)
 k - a +0 helmet (worn)
 p - a +0 pair of gloves (worn)
 t - a +0 buckler (worn)
Jewellery
 c - a ring of poison resistance (left hand)
 g - a +6 ring of dexterity (right hand)
 h - a ring of protection from fire
Scrolls
 d - 3 scrolls of identify {unknown}
 e - a scroll of enchant weapon {unknown}
 f - a scroll of vulnerability {unknown}
 l - 2 scrolls of butterflies {unknown}
 m - a scroll of enchant armour {unknown}
 n - 4 scrolls of teleportation {unknown}
 u - a scroll of torment {unknown}
Potions
 b - a potion of attraction {unknown}
 i - a potion of might {unknown}
 o - a potion of curing {unknown}
 r - a potion of lignification {unknown}
 v - a potion of berserk rage {unknown}


   Skills:
 + Level 4.4 Fighting
 + Level 5.2 Axes
 + Level 3.0 Armour
 + Level 0.9 Dodging
 + Level 2.7 Invocations


You had 4 spell levels left.
You didn't know any spells.
Your spell library contained the following spells:

 Spells                   Type           Power      Damage    Failure   Level
 Magic Dart               Conj           0%         1d3       100%        1
 Call Imp                 Summ           0%         N/A       100%        2
 Mephitic Cloud           Conj/Pois/Air  0%         N/A       100%        3
 Animate Armour           Summ/Erth      0%         N/A       100%        4
 Blade Hands              Tmut           0%         N/A       100%        5
 Iron Shot                Conj/Erth      0%         9d1       100%        6


Dungeon Overview and Level Annotations

Branches:
Dungeon (4/15)
 Temple: D:4-7

Altars:


Message History

The jelly is lightly wounded.
The jelly hits you but does no damage.
You hit the jelly. The acid corrodes you!
Your hands burn!
The jelly is heavily wounded.
The hound bites you but does no damage. The jelly hits you but does no damage.
You hit the jelly but do no damage.
Your hands burn!
The jelly is heavily wounded.
You hit the hound. The hound closely misses you.
The jelly hits you but does no damage.
You barely miss the jelly.
The jelly is heavily wounded.
You barely miss the hound. The hound barely misses you.
You block the jelly's attack. The hound bites you.
You hit the jelly. The acid corrodes you!
Your hands burn!
The jelly is severely wounded.
You closely miss the hound. The hound barely misses you.
You block the jelly's attack.
You hit the jelly but do no damage. The acid corrodes you!
Your hands burn!
The jelly is severely wounded.
You hit the hound but do no damage. You block the hound's attack.
The jelly hits you. The acid corrodes you!
You are splashed with acid!
The hound bites you.
You hit the jelly but do no damage.
Your hands burn!
The jelly is severely wounded.
You hit the hound but do no damage. The hound bites you. The jelly hits you.
You are splashed with acid.
* * * LOW HITPOINT WARNING * * *
You hit the jelly. The acid corrodes you!
Your hands burn!
* * * LOW HITPOINT WARNING * * *
The jelly is severely wounded.
You closely miss the hound. The hound barely misses you. The hound bites you.
* * * LOW HITPOINT WARNING * * *
The jelly completely misses you.
You hit the jelly but do no damage. The acid corrodes you!
Your hands burn!
* * * LOW HITPOINT WARNING * * *
The jelly is severely wounded.
You closely miss the hound. You block the hound's attack. The jelly hits you.
* * * LOW HITPOINT WARNING * * *
You are splashed with acid!
You die...

.......
.......
.......
.......
...$...
##$......
#.J...#
#@....#
#h....#
#.....#
+.....#
#<....#
#.....#
#.....#
#.....#
......#


You could see a hound and a jelly.

Vanquished Creatures
  Robin (D:2)
  3 adders (D:3)
  A worm (D:2)
  A dart slug (D:2)
  6 ball pythons
  7 bats
  8 endoplasms
  3 giant cockroaches
  14 goblins
  7 hobgoblins
  3 quokkas
  A kobold (D:1)
  10 rats
65 creatures vanquished.

Notes
Turn   | Place    | Note
-------+----------+-------------------------------------------
     0 | Abyss:1  | xian the Hill Orc Abyssal Knight began the quest for the
                  | Orb.
     0 | Abyss:1  | Reached XP level 1. HP: 19/19 MP: 2/2
    79 | Abyss:1  | Found a corrupted altar of Lugonu.
   128 | Abyss:2  | Found a corrupted altar of Lugonu.
   131 | Abyss:2  | Noticed a quasit
   132 | D:1      | Escaped the Abyss
   212 | D:1      | Reached ** piety under Lugonu
   258 | D:1      | Reached XP level 2. HP: 15/27 MP: 3/3
   501 | D:1      | Reached skill level 3 in Axes
   693 | D:1      | Reached XP level 3. HP: 33/33 MP: 5/5
   743 | D:1      | Found a faded altar of an unknown god.
  1001 | D:2      | Noticed Robin
  1019 | D:2      | Killed Robin
  1020 | D:2      | Reached skill level 4 in Axes
  1024 | D:2      | Reached XP level 4. HP: 36/40 MP: 6/6
  1284 | D:2      | Reached *** piety under Lugonu
  2129 | D:3      | Reached skill level 5 in Axes
  2434 | D:3      | Reached XP level 5. HP: 43/47 MP: 7/7
  2807 | D:4      | HP: 2/47 [jelly (1)]
  2807 | D:4      | Splashed by a jelly's acid

Illustrated notes

Levels and vault maps discovered:
D:1:      amcnicky_arrival_abandoned_market, layout_rooms,
          hellmonk_ecumenical_altar_leap_of_faith,
          chequers_serial_rivers_room_a, kennysheep_crisscross
D:2:      layout_loops_ring, uniq_robin
D:3:      layout_basic
D:4:      layout_gridville, mainiacjoe_overflow_alcove_1

Skill      XL: |  1  2  3  4 |
---------------+-------------+-----
Fighting       | 4 |  4.4
Axes           | 3 4 5 |  5.2
Armour         | 3 |  3.0
Dodging        | |  0.9
Invocations    | |  2.7

Action                   |  1- 3 |  4- 6 || total
-------------------------+-------+-------++-------
Melee: Hand axe          |    93 |    87 ||   180
       Punch             |       |     2 ||     2
Invok: Depart the Abyss  |     1 |       ||     1
Armor: Leather armour    |    23 |       ||    23
       Chain mail        |    23 |    57 ||    80
Dodge: Dodged            |    47 |    39 ||    86
Block: Buckler           |       |     6 ||     6
